 Dungeon Crawl Stone Soup version 0.21-a0-19-g210df22 (webtiles) character file.

9592 Chiseanne the Protected (level 11, -15/101 HPs)
             Began as a Minotaur Gladiator on May 24, 2017.
             Was an Initiate of Gozag.
             Demolished by a death yak (24 damage)
             ... on level 8 of the Dungeon.
             The game lasted 00:23:05 (10309 turns).

Chiseanne the Protected (Minotaur Gladiator)       Turns: 10309, Time: 00:23:06

Health: -15/101    AC:  8    Str: 24    XL:     11   Next: 25%
Magic:  10/10      EV: 17    Int:  5    God:    Gozag
Gold:   874        SH:  0    Dex: 14    Spells: 10/10 levels left

rFire    + . .     SeeInvis .   a - +2 battleaxe (chop)
rCold    . . .     Gourm    .   (shield currently unavailable)
rNeg     . . .     Faith    .   E - +0 ring mail {rF+}
rPois    +         Spirit   .   c - +0 hat
rElec    .         Reflect  .   S - scarf {repulsion}
rCorr    .         Harm     .   (no gloves)
MR       .....                  L - +0 pair of boots
Stlth    +.........             M - amulet of magic regeneration
Regen    0.3/turn               k - ring of poison resistance
MPRegen  0.2/turn               t - +4 ring of strength

@: repel missiles
A: retaliatory headbutt, horns 2
a: Potion Petition, Call Merchant, Bribe Branch, Renounce Religion


You were on level 8 of the Dungeon.
You worshipped Gozag.
Gozag was pleased with you.
You were not hungry.

You visited 2 branches of the dungeon, and saw 10 of its levels.

You collected 1538 gold pieces.
You spent 120 gold pieces at shops.
You paid 544 gold pieces to Gozag.

Inventory:

Hand Weapons
 a - a +2 battleaxe of chopping (weapon)
 d - a +2 flail of holy wrath
 e - a +1 hunting sling of velocity
 w - a +0 blowgun
 Q - a +0 broad axe
Missiles
 h - 220 arrows
 l - 402 stones (quivered)
 m - 103 bolts
 o - 2 tomahawks
 D - 59 sling bullets
 K - 36 poisoned needles
Armour
 c - a +0 hat (worn)
 q - a +2 leather armour of cold resistance
 E - a +0 ring mail of fire resistance (worn)
 L - a +0 pair of boots (worn)
 S - a scarf of repulsion (worn)
Jewellery
 k - a ring of poison resistance (left hand)
 t - a +4 ring of strength (right hand)
 G - an uncursed ring of fire
 M - an amulet of magic regeneration (around neck)
 R - an uncursed ring of wizardry {unknown}
Wands
 J - a wand of paralysis (12/24)
Scrolls
 g - 2 scrolls of immolation
 p - 3 scrolls of teleportation
 r - 3 scrolls of amnesia
 u - a scroll of blinking
 y - 2 scrolls of magic mapping
 H - 2 scrolls of remove curse
Potions
 b - a potion of resistance {unknown}
 i - 2 potions of flight
 j - a potion of lignification
 n - 2 potions of brilliance
 v - 5 potions of curing
 z - a potion of invisibility {unknown}
 F - 2 potions of magic
 I - a potion of agility {unknown}
 N - 2 potions of cancellation
Comestibles
 f - 8 bread rations
 A - 3 royal jellies
 B - 6 meat rations


   Skills:
 * Level 10.5 Fighting
 * Level 7.0 Axes
 - Level 7.7 Throwing
 * Level 10.6 Armour
 * Level 10.3 Dodging


You had 10 spell levels left.
You didn't know any spells.

Dungeon Overview and Level Annotations

Branches:
Dungeon (9/15)             Temple (1/1) D:4            Lair (0/6) D:9
    Orc: D:9-12

Altars:
Ashenzari
Cheibriados
Dithmenos
Elyvilon
Fedhas
Gozag
Hepliaklqana
Kikubaaqudgha
Makhleb
Nemelex Xobeh
Okawaru
Qazlal
Ru
Sif Muna
Trog
Uskayaw
Vehumet
Wu Jian
Xom
Yredelemnul
Zin
The Shining One

Shops:
D:3 *   D:5 *   D:8 [


Innate Abilities, Weirdness & Mutations

You reflexively headbutt those who attack you in melee.
You have a pair of horns on your head.


Message History

The death yak snorts and paws the ground.
The death yak gores you!
* * * LOW HITPOINT WARNING * * *
The death yak gores you.
* * * LOW HITPOINT WARNING * * *
You hit the death yak but do no damage.
The death yak is severely wounded.
The death yak closely misses you. You furiously retaliate!
You headbutt the death yak, but do no damage.
You barely miss the death yak.
You headbutt the death yak, but do no damage.
The death yak is severely wounded.
The death yak completely misses you.
You hit the death yak. Your headbutt misses the death yak.
The death yak is almost dead.
The death yak gores you!!
* * * LOW HITPOINT WARNING * * *
The death yak gores you!!
You die...
Your body crumbles into a pile of gold.

#..........#.....#
#..........#.###.###
#...####.###.......#
##### #.# #.###.###
# #.# #.# #.#
########'###.# #.#
#.........##.# #.#
#.........##.###Y#
'..[............@#
#.........##.###.#
#.........#### #.#
######.#.## #.#
#.#.# #.# #.#.# #.#
######.#.#######.#
#..........))....#
#.#......).#####.#


You could see a death yak.

Vanquished Creatures
  A hydra (D:9)
  2 two-headed ogres (D:9)
  3 death yaks (D:8)
  Joseph (D:8)
  A troll (D:9)
  Grinder (D:5)
  2 yaks (D:8)
  Eustachio (D:5)
  Menkaure (D:4)
  Edmund (D:6)
  6 orc warriors
  A sky beast (D:8)
  4 phantoms
  A black bear (D:9)
  A necrophage (D:8)
  4 ice beasts
  3 ogres
  2 centaurs
  2 big kobolds
  3 bullfrogs
  A wyvern zombie (D:8)
  A wyvern skeleton (D:5)
  A scorpion (D:9)
  A water moccasin skeleton (D:7)
  7 killer bees
  3 howler monkeys
  5 crimson imps
  A bullfrog zombie (D:9)
  A centaur zombie (D:9)
  3 jellies
  A centaur skeleton (D:4)
  3 hounds
  A bullfrog skeleton (D:9)
  A quasit (D:8)
  3 orc priests
  A gnoll shaman (D:9)
  2 iguanas
  9 orc wizards
  9 worker ants
  A hound zombie (D:8)
  A worker ant zombie (D:6)
  Robin (D:2)
  A howler monkey zombie (D:8)
  10 gnolls
  11 adders
  3 shadow imps
  An adder skeleton (D:4)
  4 worms
  2 dart slugs
  6 leopard geckos
  37 orcs
  A giant cockroach (D:1)
  14 goblins (D:2)
  9 hobgoblins
  5 jackals
  19 kobolds
  4 quokkas
  3 ball pythons
  10 bats
  3 frilled lizards
  2 quokka skeletons (D:4)
  A quokka zombie (D:8)
  4 rats
248 creatures vanquished.

Notes
Turn   | Place    | Note
-------+----------+-------------------------------------------
     0 | D:1      | Chiseanne the Minotaur Gladiator began the quest for the Orb.
     0 | D:1      | Reached XP level 1. HP: 18/18 MP: 0/0
   184 | D:1      | Reached XP level 2. HP: 25/25 MP: 1/1
   441 | D:1      | Reached skill level 1 in Armour
   732 | D:2      | Found a hazy altar of Hepliaklqana.
   777 | D:2      | Reached XP level 3. HP: 16/30 MP: 2/2
   946 | D:2      | Noticed Robin
   973 | D:2      | Reached XP level 4. HP: 29/38 MP: 3/3
   978 | D:2      | Killed Robin
  1391 | D:2      | Reached XP level 5. HP: 45/45 MP: 4/4
  1811 | D:3      | Found Gozag's Platinum Reserve.
  1918 | D:3      | Found an opulent altar of Gozag.
  1935 | D:3      | Became a worshipper of Gozag Ym Sagoz the Greedy
  1945 | D:4      | Noticed an ogre
  1952 | D:4      | Killed an ogre
  1998 | D:4      | Found a staircase to the Ecumenical Temple.
  2020 | D:4      | Noticed Menkaure
  2033 | D:4      | Killed Menkaure
  2033 | D:4      | Reached XP level 6. HP: 28/52 MP: 5/5
  2328 | D:4      | Found an ancient bone altar of Kikubaaqudgha.
  2332 | D:4      | Noticed Edmund
  2355 | D:4      | Reached skill level 5 in Dodging
  2432 | Temple   | Entered the Ecumenical Temple
  2624 | D:5      | Entered Level 5 of the Dungeon
  2645 | D:4      | Noticed an ice beast
  2658 | D:4      | Killed an ice beast
  2658 | D:4      | Reached XP level 7. HP: 60/60 MP: 6/6
  2818 | D:5      | Found Offixtent's Assorted Antiques.
  2826 | D:5      | Bought a scroll labeled FUAN WU UPTA for 31 gold pieces
  2826 | D:5      | Bought a scroll labeled TEJUYCL GALOPO for 31 gold pieces
  2826 | D:5      | Bought a scroll labeled QUDYAS CINWIWK for 31 gold pieces
  2826 | D:5      | Bought a purple potion for 27 gold pieces
  3186 | D:5      | Reached skill level 5 in Fighting
  3311 | D:5      | Noticed Grinder
  3312 | D:5      | Noticed Eustachio
  3316 | D:5      | Killed Grinder
  3316 | D:5      | Reached skill level 5 in Throwing
  3316 | D:5      | Reached skill level 5 in Armour
  3337 | D:5      | Killed Eustachio
  3337 | D:5      | Reached XP level 8. HP: 59/70 MP: 7/7
  3396 | D:5      | Found a shattered altar of Ashenzari.
  3396 | D:5      | Found a burning altar of Makhleb.
  3396 | D:5      | Found a shadowy altar of Dithmenos.
  3397 | D:5      | Found a deep blue altar of Sif Muna.
  3491 | D:5      | Found a sparkling altar of Nemelex Xobeh.
  4049 | D:6      | Killed Edmund
  4303 | D:6      | Found a hide-covered altar of Uskayaw.
  4306 | D:6      | Noticed an enchanted dagger
  4306 | D:6      | Noticed a dagger
  4825 | D:7      | Reached XP level 9. HP: 79/79 MP: 8/8
  4849 | D:7      | Found a shimmering altar of Xom.
  5131 | D:7      | Got an iridescent spear
  5255 | D:7      | Found a glowing golden altar of the Shining One.
  6207 | D:8      | Noticed Joseph
  6215 | D:8      | Found a shattered altar of Ashenzari.
  6230 | D:8      | Killed Joseph
  6671 | D:8      | Reached XP level 10. HP: 50/90 MP: 9/9
  7694 | D:9      | Noticed a two-headed ogre
  7886 | D:9      | Killed a two-headed ogre
  8118 | D:9      | Noticed a death yak
  8119 | D:9      | Noticed a death yak
  8119 | D:9      | Found a staircase to the Lair.
  8119 | D:9      | Noticed a death yak
  8119 | D:9      | Noticed a death yak
  8120 | D:9      | Noticed a death yak
  8131 | D:8      | Killed a death yak
  8131 | D:8      | Reached skill level 5 in Axes
  8421 | D:9      | Noticed a two-headed ogre
  8426 | D:9      | Killed a two-headed ogre
  8869 | D:9      | Reached skill level 10 in Armour
  9075 | D:9      | Noticed a seven-headed hydra
  9078 | D:8      | Killed a death yak
  9078 | D:8      | Reached skill level 10 in Fighting
  9377 | D:8      | Identified the +7 spear of Valour {antimagic, MR+} (You found it on level 7 of the Dungeon)
  9431 | D:8      | Killed a death yak
  9431 | D:8      | Reached skill level 10 in Dodging
  9431 | D:8      | Reached XP level 11. HP: 79/100 MP: 10/10
  9591 | D:9      | Killed a seven-headed hydra
 10309 | D:8      | Demolished by a death yak

Vault maps used:
D:1:      dpeg_arrival_water_fire
D:2:      lemuel_crystal_altar, uniq_robin
D:3:      nicolae_gozag_zags_fifth_avenue
D:4:      kennysheep_little_box, temple_pool_b, first_bread, uniq_edmund,
          uniq_menkaure
D:5:      nemelex_xobeh_ov_fountains_minmay, minitemple, serial_shops, shop,
          corexii_hall_statues_u, uniq_grinder, uniq_eustachio
D:6:      dancing_weapons_uskayaw, kennysheep_generic_room_5
D:7:      kennysheep_mini, tso_altar, hangedman_decor_points,
          lightli_orcish_oven
D:8:      minmay_imperfect_grid, basic_altar, uniq_joseph
D:9:      dpeg_lair_monsters, david_orc_2, hangedman_pestilent_swarm,
          billiards_dpeg
Temple:   chequers_temple_sunken

Skill      XL: |  1  2  3  4  5  6  7  8  9 10 11 |
---------------+----------------------------------+-----
Armour         | 1 2 3 4 5 7 8 10 | 10.6
Fighting       | 3 4 5 7 8 10 | 10.5
Throwing       | 3 4 5 6 7 |  7.7
Dodging        | 4 5 6 7 8 10 | 10.3
Axes           | 6 7 |  7.0

Action                   |  1- 3 |  4- 6 |  7- 9 | 10-12 || total
-------------------------+-------+-------+-------+-------++-------
Melee: War axe           |    65 |    89 |    82 |       ||   236
       Headbutt          |     9 |    17 |    54 |    37 ||   117
       Flail             |       |       |   171 |    14 ||   185
       Battleaxe         |       |       |       |   146 ||   146
 Fire: Hunting sling     |       |       |       |     4 ||     4
Throw: Stone             |       |     6 |     2 |     2 ||    10
Invok: Call Merchant     |       |       |       |     1 ||     1
Evoke: Wand              |       |       |     4 |     2 ||     6
  Use: Potion            |     2 |       |     6 |     4 ||    12
       Scroll            |       |     9 |    10 |     4 ||    23
 Stab: Distracted        |       |       |     1 |       ||     1
       Paralysed         |       |       |       |     5 ||     5
  Eat: Chunk             |       |     3 |       |       ||     3
       Royal jelly       |       |     1 |     8 |     3 ||    12
       Bread ration      |       |       |     1 |       ||     1
       Fruit             |       |       |       |     2 ||     2
Armor: Ring mail         |    35 |    24 |    26 |    45 ||   130
       Leather armour    |       |       |    36 |       ||    36
       Skin              |       |       |    11 |       ||    11
Dodge: Dodged            |    60 |    77 |   228 |   187 ||   552
